 Dungeon Crawl Stone Soup version bcrawl-1.36.4 (webtiles) character file.

Game seed: 10968554343208119882

140315 exe1 the Ducker (level 5, -4/42 HPs)
             Began as a Minotaur Archaeologist on Aug 10, 2022.
             Was an Initiate of Trog.
             Killed by divine providence
             ... invoked by an orc priest
              (10 damage)
             ... on level 4 of the Dungeon.
             The game lasted 00:11:41 (3128 turns).

exe1 the Ducker (Minotaur Archaeologist)            Turns: 3128, Time: 00:11:42

Health: -4/42      AC:  9    Str: 15    XL:     5   Next: 55%
Magic:  4/4        EV: 12    Int: 11    God:    Trog [......]
Gold:   215        SH:  0    Dex: 10    Spells: 4/4 levels left

rFire    . . .     SeeInvis .   h - +2 morningstar (protect)
rCold    . . .     Gourm    .   (no shield)
rNeg     . . .     Faith    .   k - +0 ring mail
rPois    .         Spirit   .   d - +1 hat
rElec    .         Reflect  .   (no cloak)
rCorr    .                      y - +0 pair of gloves
MR       .....                  l - +1 pair of boots
Stlth    +.........             (no amulet)
HPRegen  0.14/turn              (no ring)
MPRegen  0.09/turn              (no ring)

@: no status effects
A: retaliatory headbutt, horns 2
a: Renounce Religion


You were on level 4 of the Dungeon.
You worshipped Trog.
Trog was noncommittal.
You were not hungry.

You visited 1 branch of the dungeon, and saw 4 of its levels.

You collected 215 gold pieces.

Inventory:

Hand Weapons
 a - a +0 whip
 b - a +0 blowgun
 h - a +2 morningstar of protection (weapon)
Missiles
 f - 6 curare-tipped needles
 o - 43 needles of frenzy {=f}
 w - 74 poisoned needles
Armour
 c - a +1 robe
 d - a +1 hat (worn)
 k - a +0 ring mail (worn)
 l - a +1 pair of boots (worn)
 y - a +0 pair of gloves (worn)
Wands
 s - a wand of flame (17)
Scrolls
 g - 2 scrolls of magic mapping
 j - a scroll of blinking {unknown}
 m - a scroll of remove curse {unknown}
 p - a scroll of enchant weapon {unknown}
 q - 2 scrolls of fear {unknown}
 r - a scroll of teleportation {unknown}
 v - a scroll of amnesia {unknown}
Potions
 n - a potion of brilliance {unknown}
 t - a potion of haste {unknown}
 u - 2 potions of degeneration {unknown}
 x - a potion of curing {unknown}
 z - a potion of lignification {unknown}
Comestibles
 e - 2 rations {!d}


   Skills:
 + Level 2.3 Fighting
 + Level 3.9 Maces & Flails
 + Level 2.6 Armour
 + Level 4.4 Dodging
 + Level 3.2 Stealth


You had 4 spell levels left.
You didn't know any spells.
Your spell library was empty.

Dungeon Overview and Level Annotations

Branches:
Dungeon (4/12)
 Temple: D:4-7

Altars:
Hepliaklqana
Trog


Innate Abilities, Weirdness & Mutations

You reflexively headbutt those who attack you in melee.
You have a pair of horns on your head.


Message History

The leopard gecko bites you.
You closely miss the leopard gecko.
The leopard gecko bites you but does no damage.
You thump the leopard gecko!
Your weapon exudes an aura of protection.
You kill the leopard gecko!
Trog accepts your kill.
The crimson imp shouts, "Return whence thou came, thou baffled clay-brained dandiprat!"
The leopard gecko barely misses you.
You closely miss the leopard gecko.
The orc priest invokes the aid of Beogh against you.
Beogh smites you!
* * * LOW HITPOINT WARNING * * *
The leopard gecko barely misses you.
You hear a shout!
You barely miss the leopard gecko. Your headbutt misses the leopard gecko.
The leopard gecko completely misses you.
The orc priest mumbles some strange prayers to Beogh against you.
Beogh smites you!
You die...

#.!#o# # #..#o# .#
####..#.# .#
........#..
........#. ......ol.
.......o#############
#5l@.........<#
###############


You could see a crimson imp, an orc priest, an orc and a leopard gecko.

Vanquished Creatures
  An ogre (D:3)
  4 adders
  An adder skeleton (D:3)
  2 worms
  4 leopard geckos
  8 orcs (D:3)
  3 giant cockroaches
  13 goblins
  8 hobgoblins
  4 kobolds
  4 quokkas
  6 bats
  10 frilled lizards
  3 rats
  A spectral hobgoblin (D:2)
72 creatures vanquished.

Notes
Turn   | Place    | Note
-------+----------+-------------------------------------------
     0 | D:1      | exe1 the Minotaur Archaeologist began the quest for the
                  | Orb.
     0 | D:1      | Reached XP level 1. HP: 16/16 MP: 0/0
   249 | D:1      | Reached XP level 2. HP: 23/23 MP: 1/1
   964 | D:2      | Reached skill level 4 in Dodging
   964 | D:2      | Reached XP level 3. HP: 17/28 MP: 2/2
  1441 | D:2      | Found a hazy altar of Hepliaklqana.
  1599 | D:2      | Found a bloodstained altar of Trog.
  1616 | D:2      | Reached skill level 1 in Armour
  1665 | D:2      | Became a worshipper of Trog the Wrathful
  1842 | D:3      | Reached XP level 4. HP: 19/36 MP: 3/3
  2743 | D:3      | Noticed an ogre
  2754 | D:3      | Killed an ogre
  2755 | D:3      | Reached XP level 5. HP: 26/41 MP: 4/4
  2755 | D:3      | Identified a scroll of acquirement
  3128 | D:4      | Killed from afar by an orc priest

Skill      XL: |  1  2  3  4 |
---------------+-------------+-----
Stealth        | 3 |  3.2
Dodging        | 4 |  4.4
Maces & Flails | 2 3 |  3.9
Armour         | 1 2 |  2.6
Fighting       | 2 |  2.3

Action                   |  1- 3 |  4- 6 || total
-------------------------+-------+-------++-------
Melee: Whip              |   137 |    78 ||   215
       Headbutt          |    12 |     8 ||    20
       Morningstar       |       |     7 ||     7
  Use: Scroll            |     1 |     2 ||     3
 Stab: Sleeping          |     3 |       ||     3
  Eat: Ration            |     2 |     2 ||     4
Armor: Ring mail         |    81 |    28 ||   109
       Robe              |     4 |       ||     4
Dodge: Dodged            |   111 |    55 ||   166
